 Dungeon Crawl Stone Soup version 0.17.0-19-gb37c632 (console) character file.

7440 Kloppie the Basher (level 10, 0/95 HPs)
             Began as a Minotaur Fighter on Nov 12, 2015.
             Was a High Priest of Makhleb.
             Killed from afar by Erica (28 damage)
             ... with an orb of energy
             ... on level 9 of the Dungeon.
             The game lasted 00:19:06 (9421 turns).

Kloppie the Basher (Minotaur Fighter)               Turns: 9421, Time: 00:19:06

Health: 0/95       AC: 15    Str: 21    XL:     10   Next: 93%
Magic:  11/11      EV:  4    Int:  5    God:    Makhleb [*****.]
Gold:   549        SH: 10    Dex: 16    Spells: 0 memorised, 9 levels left

rFire  . . .     SeeInvis .     a - +1 flail
rCold  . . .     Clarity  .     V - +0 plate armour
rNeg   . . .     SustAt   +     c - +0 shield
rPois  .         Gourm    .     (helmet restricted)
rElec  .         Spirit   .     l - +0 cloak
rCorr  .         Warding  .     (no gloves)
rMut   .         Stasis   .     A - +1 pair of boots
MR     .....                    (no amulet)
Stlth  ..........               R - +3 ring of dexterity
                                t - ring of sustain attributes

@: lethally poisoned (0 -> -14), corroded equipment, not resistant to hostile
enchantments, extremely unstealthy
A: retaliatory headbutt, horns 2
a: Minor Destruction, Lesser Servant of Makhleb, Major Destruction, Greater
Servant of Makhleb, Renounce Religion


You were on level 9 of the Dungeon.
You worshipped Makhleb.
Makhleb was extremely pleased with you.
You were hungry.

You visited 2 branches of the dungeon, and saw 10 of its levels.
You also visited: Ossuary.

You collected 549 gold pieces.

Inventory:

Hand Weapons
 a - a +1 flail (weapon)
Armour
 c - a +0 shield (worn)
 l - a +0 cloak (worn)
 A - a +1 pair of boots (worn)
 V - a +0 plate armour (worn)
Jewellery
 t - a ring of sustain attributes (left hand)
 z - a +2 ring of strength
 B - an uncursed ring of stealth
 C - an uncursed ring of ice
 M - an uncursed ring of fire
 R - a +3 ring of dexterity (right hand)
Wands
 i - a wand of fireball (13)
 s - a wand of paralysis (9)
 F - a wand of digging (15)
 I - a wand of heal wounds (9)
 O - a wand of digging (16)
 T - a wand of invisibility (4)
Scrolls
 b - 2 scrolls of magic mapping
 h - 6 scrolls of remove curse
 m - 2 scrolls of teleportation
 w - a scroll of identify
 D - 2 scrolls of enchant weapon
 Q - 3 scrolls of recharging
 S - a scroll of amnesia
Potions
 d - a potion of might
 f - 4 potions of invisibility
 g - a potion of resistance
 k - 2 potions of agility
 p - 3 potions of heal wounds
 r - 7 potions of curing
 u - a potion of lignification
 v - 2 potions of brilliance
 x - a potion of haste
 H - 2 potions of mutation
 P - a potion of berserk rage
 U - 2 potions of magic
Comestibles
 e - 7 bread rations
 j - a mutagenic chunk of flesh
 n - 2 royal jellies
 o - 2 beef jerkies
 q - 5 meat rations
 G - 2 slices of pizza
 N - 5 fruits


   Skills:
 - Level 11.1 Fighting
 + Level 12.2 Maces & Flails
 - Level 11.4 Armour
 - Level 3.6 Shields
 + Level 3.7 Invocations


You had 9 spell levels left.
You didn't know any spells.

Dungeon Overview and Level Annotations

Branches:
Dungeon (9/15)             Temple (1/1) D:5
   Lair: D:8-11         Orc: D:9-12

Altars:
Ashenzari
Cheibriados
Dithmenos
Elyvilon
Fedhas
Gozag
Kikubaaqudgha
Makhleb
Nemelex Xobeh
Okawaru
Qazlal
Ru
Sif Muna
Trog
Vehumet
Xom
Yredelemnul
Zin
The Shining One

Annotations:
D:8 Grum
D:9 Erica


Innate Abilities, Weirdness & Mutations

You reflexively headbutt those who attack you in melee.
You have a pair of horns on your head.


Message History

You hear some strange, mumbled words.
An orb of energy appears from out of thin air!
The orb of energy hits you!
You closely miss something.
You feel sick.
You closely miss something.
You feel sick. You block its attack.
You hit something but do no damage. You headbutt something.
You feel sick.
You hit something but do no damage. Something hits you but does no damage.
Your plate armour prevents you from hitting something.
You feel sick.
You hear some strange, mumbled words.
A bolt of poison appears from out of thin air!
The bolt of poison hits you!
You are more poisoned.
* * * LOW HITPOINT WARNING * * *
You hit something.
You feel sick.
You closely miss something.
You feel sick.
You hear some strange, mumbled words.
An orb of energy appears from out of thin air!
The orb of energy hits you!
You die...

#.# ##..#
##.........## #.#
#..# #..........#
..# #..#
##..........#
##...###............
....................
.........##......##.
.#......####.......
#..................
....##.@..........
...# ##{.........
..# #........ .#
......... .........
..######.. .# #. .#


There were no monsters in sight!

Vanquished Creatures
  The ghost of Squibie the Demolition Demonspawn, a novice DsGl of Makhleb (D:9)
  A wyvern (D:9)
  A deep elf mage (D:9)
  A hippogriff (D:7)
  Eustachio (D:5)
  A hungry ghost (D:8)
  3 wraiths
  The ghost of Yendor the Poker, an amateur MfGl (D:4)
  A mottled dragon (D:8)
  Menkaure (D:5)
  4 wolves (D:8)
  2 ice beasts
  5 orc warriors
  A black bear (D:6)
  2 necrophages
  3 phantoms
  A crocodile (D:7)
  An eye of draining (D:8)
  4 sky beasts
  3 centaurs
  7 ogres
  2 giant frogs (D:7)
  A water moccasin zombie (D:7)
  3 killer bees (D:7)
  A scorpion (D:5)
  3 wights (Ossuary)
  A quasit (D:9)
  A crimson imp (D:7)
  7 orc priests
  5 hounds
  2 giant frog skeletons
  Ijyb (D:3)
  4 jellies
  3 centaur skeletons (D:6)
  A gnoll shaman (D:4)
  Terence (D:3)
  2 iguanas
  Natasha (twice) (D:3)
  11 orc wizards
  9 worker ants
  A hound zombie (D:5)
  10 gnolls
  6 shadow imps
  16 adders
  2 oozes
  An adder skeleton (D:8)
  2 adder zombies
  2 worms
  9 giant geckos
  37 orcs
  6 giant cockroaches
  4 goblins
  10 hobgoblins
  A jackal (D:2)
  4 quokkas
  2 ball pythons
  2 ball python skeletons (Ossuary)
  12 bats
  2 giant gecko skeletons
  4 giant newts
  2 hobgoblin skeletons (Ossuary)
  A hobgoblin zombie (Ossuary)
  A jackal skeleton (D:5)
  11 kobolds
  A kobold zombie (Ossuary)
  2 orc skeletons (Ossuary)
  An orc zombie (Ossuary)
  A quokka skeleton (D:7)
  2 quokka zombies (D:6)
  14 rats
274 creatures vanquished.

Notes
Turn   | Place    | Note
--------------------------------------------------------------
     0 | D:1      | Kloppie the Minotaur Fighter began the quest for the Orb.
     0 | D:1      | Reached XP level 1. HP: 19/19 MP: 0/0
   167 | D:1      | Reached XP level 2. HP: 24/27 MP: 1/1
   252 | D:1      | Reached skill level 4 in Armour
   764 | D:2      | Reached XP level 3. HP: 33/33 MP: 2/2
  1218 | D:2      | Reached XP level 4. HP: 38/40 MP: 3/3
  1909 | D:3      | Noticed Ijyb
  1940 | D:3      | Killed Ijyb
  1940 | D:3      | Reached skill level 5 in Armour
  1940 | D:3      | Reached XP level 5. HP: 44/47 MP: 4/4
  1958 | D:3      | Noticed Natasha
  1968 | D:3      | Killed Natasha
  2091 | D:3      | Reached skill level 5 in Fighting
  2247 | D:3      | Found a faded altar to an unknown god.
  2256 | D:3      | Noticed Terence
  2266 | D:3      | Killed Terence
  2266 | D:3      | Reached skill level 5 in Maces & Flails
  2444 | D:3      | Noticed Natasha
  2460 | D:3      | Killed Natasha
  2508 | D:3      | Reached XP level 6. HP: 26/56 MP: 5/5
  3046 | D:4      | Reached skill level 6 in Armour
  3140 | D:4      | Noticed Yendor's ghost (amateur MfGl)
  3152 | D:4      | Killed Yendor's ghost
  3152 | D:4      | Reached XP level 7. HP: 23/63 MP: 6/6
  3352 | D:4      | Found a stormy altar of Qazlal.
  3663 | D:5      | Entered Level 5 of the Dungeon
  3681 | D:5      | Found a staircase to the Ecumenical Temple.
  3690 | Temple   | Entered the Ecumenical Temple
  3697 | Temple   | Became a worshipper of Makhleb the Destroyer
  3761 | D:5      | Reached skill level 7 in Armour
  3922 | D:5      | Noticed Menkaure
  3927 | D:5      | Killed Menkaure
  3927 | D:5      | Reached XP level 8. HP: 61/73 MP: 7/7
  4681 | D:6      | Noticed Eustachio
  4695 | D:5      | Reached * piety under Makhleb
  4732 | D:5      | Killed Eustachio
  4732 | D:5      | Reached skill level 8 in Armour
  5689 | D:6      | Reached ** piety under Makhleb
  5723 | D:6      | Reached XP level 9. HP: 53/82 MP: 8/8
  5800 | D:7      | Reached skill level 9 in Armour
  6615 | D:7      | Found a bloodstained altar of Trog.
  6615 | D:7      | Found a glowing silver altar of Zin.
  7145 | D:8      | Reached skill level 10 in Fighting
  7145 | D:8      | Reached skill level 10 in Armour
  7174 | D:8      | Reached *** piety under Makhleb
  7174 | D:8      | Reached skill level 10 in Maces & Flails
  7437 | D:8      | Reached XP level 10. HP: 94/94 MP: 9/9
  7648 | D:8      | Found a sand-covered staircase.
  7662 | D:8      | Noticed Grum
  7675 | Ossuary  | Entered an ossuary
  7742 | Ossuary  | Reached **** piety under Makhleb
  7933 | D:8      | Reached skill level 11 in Armour
  8650 | D:9      | Noticed Squibie's ghost (novice DsGl)
  8707 | D:9      | Killed Squibie's ghost
  8962 | D:9      | Reached skill level 12 in Maces & Flails
  9056 | D:9      | Reached ***** piety under Makhleb
  9134 | D:9      | Found a shattered altar of Ashenzari.
  9402 | D:9      | Noticed Erica
  9421 | D:9      | Killed from afar by Erica

Action                   |  1- 3 |  4- 6 |  7- 9 | 10-12 || total
-------------------------+-------+-------+-------+-------++-------
Melee: Flail             |    96 |   253 |   432 |   298 ||  1079
  Use: Potion            |       |     1 |       |     2 ||     3
       Scroll            |       |       |       |    22 ||    22
  Eat: Chunk             |     1 |     7 |    16 |     6 ||    30
